 Dungeon Crawl Stone Soup version 0.30-a0-691-g754fce4c43 (webtiles) character file.

Game seed: 9809782560662794979

18479 IdlyInterested the Cleaver (level 12, -2/87 HPs)
             Began as a Demonspawn Fighter on Jan 18, 2023.
             Slain by a white ugly thing (13 damage)
             ... on level 12 of the Dungeon on Jan 19, 2023.
             The game lasted 00:38:17 (12465 turns).

IdlyInterested the Cleaver (Demonspawn Fighter)    Turns: 12465, Time: 00:38:18

Health: -2/87      AC:  9    Str: 20    XL:     12   Next: 28%
Magic:  12/12      EV: 13    Int: 10    God:
Gold:   944        SH:  5    Dex: 21    Spells: 11/11 levels left

rFire   . . .      SeeInvis .    H - +5 war axe (chaos)
rCold   + . .      Faith    .    (no shield)
rNeg    + . .      Spirit   .    I - +0 ring mail {Will+}
rPois   .          Reflect  +    (no helmet)
rElec   .          Harm     .    (cloak unavailable)
rCorr   .          Rampage  .    (no gloves)
Will    ++...                    R - +2 pair of boots {Fly}
Stlth   ++                       m - amulet of reflection
HPRegen 0.34/turn                D - +4 ring of slaying
MPRegen 0.13/turn                Q - ring "Meci" {rC+ rN+ Will+ Str+3 Dex+4}

@: mighty, flying
A: hooves 2, demonic guardian 1, weakness stinger 3, demonic touch 2, frail 1
a: no special abilities


You were on level 12 of the Dungeon.
You visited 2 branches of the dungeon, and saw 13 of its levels.
You also visited: Bailey.

You collected 944 gold pieces.

Inventory:

Hand Weapons
 H - a +5 war axe of chaos (weapon)
 J - a +1 hand axe of flaming
 S - a +6 heavy spear
Missiles
 a - a throwing net
 c - a curare-tipped dart
 e - 128 stones (quivered)
 g - 78 poisoned darts
 r - 5 datura-tipped darts
 K - 5 atropa-tipped darts
 P - 18 boomerangs
Armour
 i - a +1 chain mail
 s - a +0 plate armour
 I - a +0 ring mail of willpower (worn)
 L - a +2 robe of positive energy
 R - a +2 pair of boots of flying (worn)
Jewellery
 k - a ring of positive energy
 l - an amulet of regeneration
 m - an amulet of reflection (around neck)
 w - a ring of magical power
 y - a ring of willpower
 z - a ring of ice
 C - a +6 ring of strength
 D - a +4 ring of slaying (left hand)
 G - a ring of fire
 Q - the ring "Meci" (right hand) {rC+ rN+ Will+ Str+3 Dex+4}
   (You found it in a bailey)

   [ring of willpower]

   Str:       It affects your strength (+3).
   Dex:       It affects your dexterity (+4).
   rC:        It protects you from cold.
   rN:        It protects you from negative energy.
   Will:      It increases your willpower.
 U - an amulet of the acrobat
Wands
 A - a wand of roots (14)
 E - a wand of flame (8)
 M - a wand of polymorph (14)
 N - a wand of mindburst (20)
Scrolls
 f - 4 scrolls of fog
 j - a scroll of amnesia
 p - 2 scrolls of magic mapping
 q - 3 scrolls of enchant armour
 u - 3 scrolls of enchant weapon
 x - 4 scrolls of teleportation
 F - 2 scrolls of silence
 O - a scroll of fear
 V - a scroll of butterflies {unknown}
Potions
 b - a potion of brilliance
 d - 2 potions of heal wounds
 h - 5 potions of mutation
 n - 3 potions of curing
 o - 3 potions of invisibility
 t - 4 potions of cancellation
 v - 7 potions of flight
 B - 2 potions of magic
 T - a potion of attraction {unknown}


   Skills:
 + Level 10.2 Fighting
 * Level 14.9 Axes
 - Level 1.0 Throwing
 - Level 4.0 Armour
 - Level 4.0 Dodging
 * Level 1.6 Stealth
 - Level 2.6 Shields
 - Level 4.0 Unarmed Combat
 - Level 1.0 Evocations


You had 11 spell levels left.
You didn't know any spells.
Your spell library contained the following spells:

 Spells                   Type           Power      Damage    Failure   Level
 Apportation              Tloc           0%         N/A       52%         1
 Necrotise                Necr           0%         1d4       52%         1
 Summon Small Mammal      Summ           0%         N/A       52%         1
 Sublimation of Blood     Necr           0%         N/A       67%         2
 Wereblood                Tmut           0%         N/A       67%         2
 Vhi's Electric Charge    Tloc/Air       0%         N/A       88%         3
 Arcjolt                  Conj/Air       0%         1d10      100%        5
 Iskenderun's Battlesphe  Conj           0%         2d6       100%        5
 Iron Shot                Conj/Erth      0%         9d1       100%        6
 Spellforged Servitor     Conj/Summ      0%         N/A       100%        7
 Summon Hydra             Summ           0%         N/A       100%        7
 Maxwell's Capacitive Co  Air            0%         ∞         100%        8


Dungeon Overview and Level Annotations

Branches:
Dungeon (12/15)            Temple (1/1) D:6            Lair (0/5) D:11
    Orc (0/2) D:10         Bailey (visited)

Altars:
Ashenzari
Cheibriados
Dithmenos
Fedhas
Gozag
Hepliaklqana
Kikubaaqudgha
Makhleb
Nemelex Xobeh
Okawaru
Qazlal
Ru
Sif Muna
Trog
Uskayaw
Vehumet
Wu Jian
Xom
Yredelemnul

Shops:
D:1 :

Annotations:
D:12 Lodul


Innate Abilities, Weirdness & Mutations

You have hoof-like feet.
A weak demonic guardian rushes to your aid.
You have a sharp stinger which inflicts weakening toxins.
Your touch may inflict irresistible damage on your foes.
You are frail. (-10% HP)


Message History

There is an open door here.
There is an escape hatch in the floor here.
You fly downwards.
The hatch slams shut behind you.
The white ugly thing gurgles horribly!
You hear a shout!
An orc knight comes into view.
It is wielding a +0 dire flail. 2 ogres and a komodo dragon come into view.
The ogre shouts! x2; The komodo dragon hisses angrily.
You hear a shout! x2
Lodul and 2 ogres come into view.
Lodul is wielding a +0 dire flail of draining.
The ogre shouts! x2
An ogre comes into view. It is wielding a +0 giant club.
You feel very mighty all of a sudden.
You hit the ogre.
The ogre is lightly wounded.
You slash the ogre! Your touch misses the ogre.
The ogre is moderately wounded.
The ogre misses you.
You slash the ogre! You freeze the ogre. You tail-slap the ogre.
You kill the ogre!
You slash the komodo dragon!
The komodo dragon looks as sick as possible!
You slash the ogre! You freeze the ogre.
The ogre is heavily wounded.
You slice the white ugly thing!!
The white ugly thing easily resists.
You hit the komodo dragon.
The komodo dragon seems to slow down.
You freeze the komodo dragon. You barely miss the ogre.
The komodo dragon bites you!!
Electricity crackles from Lodul's apparatus.
The bolt of lightning hits you!! You block the ogre's attack.
The ogre hits you with a +0 giant club!!
* * * LOW HITPOINT WARNING * * *
The white ugly thing barely misses you.
You slice the ogre!! You freeze the ogre.
You kill the ogre!
You slash the white ugly thing! You burn the white ugly thing.
You hit the komodo dragon. You slice the ogre!!
The ogre seems to grow stronger.
The white ugly thing gores you!
* * * LOW HITPOINT WARNING * * *
A demonic guardian appears!
The white ugly thing freezes you! You resist.
You die...

.......##
........##
~~.......#
≈~~......##
#~≈~...OO.#
#≈≈~~O.O..#
#≈≈≈≈5O)l.##
#≈≈≈~.@...#
##≈≈~~u...#
####~....#
#~....#
#~~...#
o......#
........#
....#~~...#
....#~....#


You could see Lodul, a white ugly thing, a komodo dragon (extremely poisoned,
slow), 4 ogres and a friendly white imp (summoned).

Vanquished Creatures
  The ghost of ryw the Carver, a journeyman DrRe of Qazlal (D:9)
  Erolcha (D:10)
  A two-headed ogre (shapeshifter) (D:9)
  A two-headed ogre (D:11)
  2 slime creatures (D:10)
  7 ugly things
  A manticore (shapeshifter) (D:9)
  A cyclops (D:11)
  A gargoyle (D:12)
  An unseen horror (D:10)
  5 trolls
  A jumping spider (shapeshifter) (D:9)
  2 vampires
  16 yaks
  A neqoxec (D:9)
  4 water moccasins
  The ghost of baller8008 the Magician, an amateur DEAE (D:3)
  Duvessa (D:7)
  A water moccasin (shapeshifter) (D:9)
  A black bear (D:6)
  9 orc warriors
  3 ice beasts
  A sky beast (D:7)
  8 ogres
  8 centaurs
  A phantom (D:6)
  5 kobold brigands
  A necrophage (D:7)
  A gnoll sergeant (D:9)
  5 bullfrogs
  6 scorpions
  10 wights
  Dowan (D:7)
  11 killer bees (D:10)
  3 electric eels
  A bullfrog zombie (D:3)
  8 howler monkeys
  A centaur zombie (D:3)
  2 jellies
  A gnoll bouda (D:4)
  3 hounds
  A centaur skeleton (D:3)
  6 orc priests
  A bullfrog skeleton (D:3)
  5 iguanas
  11 orc wizards
  16 gnolls
  9 adders
  A shadow imp (D:7)
  5 white imps
  5 worms
  2 dart slugs
  42 orcs
  5 ball pythons
  6 bats
  7 endoplasms
  12 goblins
  6 hobgoblins
  11 jackals
  4 quokkas
  3 frilled lizards
  44 kobolds
  4 rats
345 creatures vanquished.

Vanquished Creatures (collateral kills)
  A yak (D:11)
  A wight (D:9)
  A gnoll (D:9)
3 creatures vanquished.

Vanquished Creatures (others)
  A howler monkey zombie (D:9)
1 creature vanquished.

Grand Total: 349 creatures vanquished

Notes
Turn   | Place    | Note
-------+----------+-------------------------------------------
     0 | D:1      | IdlyInterested the Demonspawn Fighter began the quest for
                  | the Orb.
     0 | D:1      | Reached XP level 1. HP: 18/18 MP: 1/1
    87 | D:1      | Found Meabroir's Book Boutique.
   138 | D:1      | Discovered your monstrous ancestry.
   138 | D:1      | Gained mutation: You have large cloven feet. [demonic
                  | ancestry]
   138 | D:1      | Reached XP level 2. HP: 24/24 MP: 2/2
   456 | D:1      | Reached skill level 2 in Axes
   749 | D:2      | Found an ornate altar of the Wu Jian Council.
   756 | D:2      | Gained mutation: You have a small tail. [demonic ancestry]
   756 | D:2      | Reached XP level 3. HP: 25/29 MP: 3/3
   990 | D:2      | Reached skill level 1 in Dodging
   992 | D:2      | Gained mutation: You have hoof-like feet. [demonic
                  | ancestry]
   992 | D:2      | Reached XP level 4. HP: 34/37 MP: 4/4
  1480 | D:3      | Reached skill level 3 in Axes
  1697 | D:3      | Found a transporter.
  1701 | D:3      | Noticed baller8008's ghost (amateur DEAE)
  2003 | D:3      | Found a transporter.
  2187 | D:3      | Gained mutation: Your touch may inflict minor irresistible
                  | damage on your foes. [demonic ancestry]
  2187 | D:3      | Reached XP level 5. HP: 42/42 MP: 5/5
  2482 | D:3      | Killed baller8008's ghost
  2483 | D:3      | Reached skill level 4 in Axes
  2483 | D:3      | Gained mutation: You have a tail ending in a sharp stinger.
                  | [demonic ancestry]
  2483 | D:3      | Reached XP level 6. HP: 45/49 MP: 6/6
  2764 | D:4      | Reached skill level 5 in Fighting
  2910 | D:4      | Gained mutation: You have a sharp stinger which inflicts
                  | weakening toxins. [demonic ancestry]
  2910 | D:4      | Reached XP level 7. HP: 48/56 MP: 7/7
  2921 | D:4      | Reached skill level 5 in Axes
  3614 | D:5      | Entered Level 5 of the Dungeon
  3814 | D:5      | Reached skill level 6 in Axes
  3948 | D:5      | Gained mutation: Your touch may inflict irresistible damage
                  | on your foes. [demonic ancestry]
  3948 | D:5      | Reached XP level 8. HP: 43/64 MP: 8/8
  4033 | D:5      | Reached skill level 1 in Unarmed Combat
  4385 | D:5      | Reached skill level 7 in Axes
  5012 | D:6      | Found a staircase to the Ecumenical Temple.
  5031 | D:6      | Reached XP level 9. HP: 64/72 MP: 9/9
  5130 | Temple   | Entered the Ecumenical Temple
  5130 | Temple   | Found a transporter.
  5130 | Temple   | Found a transporter.
  5132 | Temple   | Found a transporter.
  5132 | Temple   | Found a transporter.
  5269 | D:6      | Found a sacrificial altar of Ru.
  5304 | D:6      | Reached skill level 8 in Axes
  5821 | D:6      | Found a sparkling altar of Nemelex Xobeh.
  6249 | D:7      | Reached skill level 9 in Axes
  6437 | D:7      | Reached skill level 1 in Throwing
  6440 | D:7      | Noticed Duvessa
  6444 | D:7      | Noticed Dowan
  6450 | D:7      | Killed Duvessa
  6454 | D:7      | Killed Dowan
  6475 | D:7      | Reached skill level 10 in Axes
  6475 | D:7      | Reached skill level 1 in Evocations
  6983 | D:7      | Reached XP level 10. HP: 79/80 MP: 10/10
  7356 | D:8      | Found a shimmering blue altar of Sif Muna.
  7406 | D:8      | Reached skill level 1 in Stealth
  8216 | D:9      | Found a flagged portal.
  8228 | Bailey   | Entered a bailey
  8266 | Bailey   | Reached skill level 11 in Axes
  8351 | Bailey   | Identified the ring "Meci" {rC+ rN+ Will+ Str+3 Dex+4}
  8647 | D:9      | Noticed a purple ugly thing
  8647 | D:9      | Noticed a green ugly thing
  8647 | D:9      | Noticed a green ugly thing
  8647 | D:9      | Noticed a white ugly thing
  8647 | D:9      | Found a runed translucent gate.
  8647 | D:9      | Found a runed translucent gate.
  8647 | D:9      | Found a runed translucent gate.
  8664 | D:9      | Noticed a green ugly thing
  8664 | D:9      | Noticed a purple ugly thing
  9203 | D:9      | Found a blossoming altar of Fedhas.
  9248 | D:9      | Reached skill level 12 in Axes
  9431 | D:9      | Killed a green ugly thing
  9434 | D:9      | Killed a red ugly thing
  9436 | D:9      | Killed a white ugly thing
  9437 | D:9      | Gained mutation: A weak demonic guardian rushes to your
                  | aid. [demonic ancestry]
  9437 | D:9      | Reached XP level 11. HP: 56/87 MP: 11/11
  9439 | D:9      | Killed a white ugly thing
  9441 | D:9      | Killed a red ugly thing
  9446 | D:9      | Killed a red ugly thing
  9626 | D:9      | Found a runed translucent gate.
  9626 | D:9      | Found a runed translucent gate.
  9633 | D:9      | Found a runed translucent gate.
  9634 | D:9      | Noticed a sea snake
  9641 | D:9      | Noticed ryw's ghost (journeyman DrRe)
  9648 | D:9      | a sea snake changed into a redback
  9653 | D:9      | a komodo dragon changed into a lindwurm
  9653 | D:9      | Noticed a lindwurm (shapeshifter)
  9657 | D:9      | a lindwurm changed into a glowing orange brain
  9657 | D:9      | Noticed a glowing orange brain (shapeshifter)
  9681 | D:9      | an eye of devastation changed into a two-headed ogre
  9681 | D:9      | Noticed a two-headed ogre (shapeshifter)
  9682 | D:9      | Gained mutation: You are frail. (-10% HP) [a neqoxec]
  9690 | D:9      | Killed a two-headed ogre
  9691 | D:9      | Reached skill level 13 in Axes
  9697 | D:9      | Killed ryw's ghost
  9699 | D:9      | a glowing orange brain changed into a manticore
  9975 | D:10     | Entered Level 10 of the Dungeon
  9975 | D:10     | Found a staircase to the Orcish Mines.
 10015 | D:10     | Noticed Erolcha
 10023 | D:10     | Killed Erolcha
 10151 | D:10     | Upgraded the game from 0.30-a0-672-gc3a7216ad8 to
                  | 0.30-a0-691-g754fce4c43
 10656 | D:10     | Reached skill level 14 in Axes
 10762 | D:10     | Found a blossoming altar of Fedhas.
 10764 | D:10     | Found a shimmering blue altar of Sif Muna.
 10764 | D:10     | Found a shimmering altar of Xom.
 10766 | D:10     | Found a blossoming altar of Fedhas.
 10766 | D:10     | Found an opulent altar of Gozag.
 10766 | D:10     | Found an ancient bone altar of Kikubaaqudgha.
 11059 | D:11     | Noticed a two-headed ogre
 11066 | D:11     | Killed a two-headed ogre
 11346 | D:11     | Found a staircase to the Lair.
 11406 | D:11     | Reached XP level 12. HP: 70/87 MP: 12/12
 11409 | D:11     | Reached skill level 10 in Fighting
 11671 | D:11     | Found a stormy altar of Qazlal.
 12459 | D:12     | Noticed Lodul
 12465 | D:12     | Slain by a white ugly thing

Illustrated notes

Levels and vault maps discovered:
D:1:      onia_arrival_pyramid, layout_loops_ring, serial_shops,
          nicolae_diamond_shop
D:2:      layout_basic, basic_altar
D:3:      layout_basic, gammafunk_ghost_mausoleum, minmay_misc_feat_cross,
          hangedman_decor_clover_reticule
D:4:      layout_basic, chequers_serial_rivers_marsh
D:5:      layout_gridville
D:6:      layout_loops_ring, mainiacjoe_overflow_big_doors,
          minmay_temple_entry_mist
D:7:      layout_cave_pools, minmay_bent, uniq_duvessa
D:8:      layout_basic, nicolae_sif_muna_condensation
D:9:      layout_gridville, mainiacjoe_overflow_24_doors, enter_bailey_3,
          ploomutoo_gammafunk_ghost_potion_laboratory
D:10:     layout_rooms, doesnt_xom_only_xom, orc_0_dummy, uniq_erolcha
D:11:     nicolae_whirlpool, layout_irregular_city, grunt_qazlal_clouds
D:12:     cross_vault, layout_basic, uniq_maurice, uniq_lodul
Temple:   hellmonk_temple_divided_pantheon

Skill      XL: |  1  2  3  4  5  6  7  8  9 10 11 12 |
---------------+-------------------------------------+-----
Armour         | 3 4 |  4.0
Axes           | 2 3 4 6 7 10 12 14 | 14.9
Dodging        | 1 2 3 4 |  4.0
Fighting       | 4 5 6 7 8 9 10 | 10.2
Unarmed Combat | 2 3 4 |  4.0
Throwing       | 1 |  1.0
Evocations     | 1 |  1.0
Stealth        | 1 |  1.6
Shields        | |  2.6

Action                   |  1- 3 |  4- 6 |  7- 9 | 10-12 || total
-------------------------+-------+-------+-------+-------++-------
Melee: War axe           |    90 |    94 |   191 |   298 ||   673
       Kick              |    13 |    17 |    60 |    22 ||   112
       Tailslap          |     3 |     5 |    25 |    29 ||    62
       Touch             |       |     5 |    27 |    59 ||    91
       Punch             |       |     1 |     1 |     5 ||     7
Throw: Stone             |       |       |     5 |     1 ||     6
Evoke: Wand              |       |       |     3 |    25 ||    28
  Use: Scroll            |     6 |     4 |     4 |     6 ||    20
       Potion            |       |     3 |     3 |     5 ||    11
 Stab: Distracted        |       |       |       |     1 ||     1
       Confused          |       |       |       |     1 ||     1
Armor: Scale mail        |     9 |       |       |       ||     9
       Chain mail        |    42 |    76 |    47 |       ||   165
       Ring mail         |       |       |    16 |    78 ||    94
Dodge: Dodged            |    35 |    38 |    70 |   143 ||   286
Block: Buckler           |    34 |    44 |       |       ||    78
       Reflection        |       |     5 |     3 |    10 ||    18
       Other             |       |    19 |    35 |    56 ||   110

Table legend: (Time is in decaauts)
 A = Elapsed time spent in this place.
 B = Non-inter-level travel time spent in this place.
 C = Inter-level travel time spent in this place.
 D = Time resting spent in this place.
 E = Time spent auto-exploring this place.
 F = Levels seen in this place.
 G = Mean time per level.
                   A        B        C        D        E       F      G
               +--------+--------+--------+--------+--------+-----+--------+
         Total |  12544 |  11062 |   1482 |   2436 |   5408 |  14 |  896.0 |
       Dungeon |  12124 |  10642 |   1482 |   2436 |   5402 |  12 | 1010.3 |
        Temple |     69 |     69 |      0 |      0 |      0 |   1 |   69.0 |
        Bailey |    349 |    349 |      0 |      0 |      6 |   1 |  349.0 |
               +--------+--------+--------+--------+--------+-----+--------+

Top non-repeatable levels by time:
     D:9: 1476 daAuts
     D:6: 1303 daAuts
     D:5: 1269 daAuts
     D:3: 1171 daAuts
    D:10: 1105 daAuts
     D:7: 1091 daAuts
     D:4: 1005 daAuts
     D:1: 881 daAuts
     D:8: 842 daAuts
    D:11: 823 daAuts
     D:2: 732 daAuts
    D:12: 422 daAuts
  Bailey: 349 daAuts
  Temple: 69 daAuts
